[Event "World Prestigious University 2019"]
[Site "Tianjin"]
[Date "2019.11.28"]
[Round "7.9"]
[White "Lu, Hongyi"]
[Black "Wang, Nancy"]
[Result "1-0"]
[WhiteElo "1862"]
[BlackElo "1823"]
[PlyCount "83"]
[EventDate "2019.11.26"]
[EventType "team-tourn"]
[EventCountry "CHN"]
[TimeControl "1500+10"]
[WhiteClock "0:00:24"]
[BlackClock "0:00:18"]

1. e4 c5 2. Nf3 Nc6 3. d3 g6 4. g3 Bg7 5. Bg2 d6 6. O-O e5 7. c3 Nge7 8. a4 O-O 9. Na3 h6 10. Nc4 Be6 11. Be3 f5 12. exf5 gxf5 13. Re1 Ng6 14. Ncd2 Qd7 15. Nf1 f4 16. Bd2 Na5 17. c4 Nc6 18. Bc3 Bg4 19. N1d2 Rab8 20. a5 h5 21. h4 Bh6 22. Qc2 fxg3 23. fxg3 Bh3 24. Ne4 Nd4 25. Bxd4 cxd4 26. Nfg5 Bxg2 27. Qxg2 Rbd8 28. Rf1 Bg7 29. Qe2 Qg4 30. Qxg4 hxg4 31. Rxf8+ Nxf8 32. a6 b6 33. Rf1 Rd7 34. b4 Nh7 35. Kg2 Nxg5 36. Nxg5 Bh6 37. Rf5 Rg7 38. Ne6 Rg6 39. Nc7 Rg7 40. Nb5 Bd2 41. Nxd6 Bxb4 42. Ne4 1-0

[Event "World Prestigious University 2019"]
[Site "Tianjin"]
[Date "2019.11.28"]
[Round "7.10"]
[White "Kukhmazov, Arsen"]
[Black "Daniel, Karim Abbas"]
[Result "1-0"]
[WhiteElo "2377"]
[BlackElo "2251"]
[PlyCount "65"]
[EventDate "2019.11.26"]
[EventType "team-tourn"]
[EventCountry "CHN"]
[TimeControl "1500+10"]
[WhiteClock "0:04:36"]
[BlackClock "0:12:25"]

1. d4 Nf6 2. c4 e6 3. Nf3 c5 4. d5 exd5 5. cxd5 d6 6. Nc3 g6 7. Nd2 Bg7 8. e4 O-O 9. Be2 Re8 10. O-O Nbd7 11. a4 a6 12. h3 Rb8 13. Ra3 Qc7 14. a5 b5 15. axb6 Rxb6 16. Qc2 Nb8 17. Nc4 Rb4 18. Bf4 Bf8 19. f3 Bd7 20. Na2 Rb7 21. Na5 Rb6 22. b4 Bb5 23. bxc5 Bxe2 24. Qxe2 Qxc5+ 25. Qe3 Qb5 26. Nc3 Qb4 27. Rb3 Qxb3 28. Nxb3 Rxb3 29. Qd2 Rc8 30. Ne2 Nh5 31. Bh2 Bg7 32. Rc1 Rxc1+ 33. Qxc1 1-0

[Event "World Prestigious University 2019"]
[Site "Tianjin"]
[Date "2019.11.28"]
[Round "7.11"]
[White "Mihov, Filip"]
[Black "Tarasov, Alexandr"]
[Result "1/2-1/2"]
[WhiteElo "2191"]
[BlackElo "2348"]
[PlyCount "133"]
[EventDate "2019.11.26"]
[EventType "team-tourn"]
[EventCountry "CHN"]
[TimeControl "1500+10"]
[WhiteClock "0:01:04"]
[BlackClock "0:01:15"]

1. e4 c6 2. d4 d5 3. exd5 cxd5 4. Bd3 Nc6 5. c3 Nf6 6. h3 g6 7. Nf3 Bg7 8. O-O O-O 9. Bf4 Bf5 10. Ne1 Ne4 11. Nd2 e5 12. dxe5 Nxe5 13. Bc2 Rc8 14. Nxe4 Bxe4 15. Rb1 Nc4 16. Bxe4 dxe4 17. Nc2 Qb6 18. b3 Ne5 19. c4 Nd3 20. Be3 Qa5 21. a3 Rfd8 22. Qe2 a6 23. Rfd1 Qc3 24. Ne1 b5 25. cxb5 axb5 26. Nxd3 exd3 27. Qf3 Qa5 28. Bg5 Re8 29. Rxd3 b4 30. Rd7 Rf8 31. Be7 bxa3 32. Bxf8 Rxf8 33. Rdd1 a2 34. Ra1 Bxa1 35. Rxa1 Qa3 36. Qe2 Ra8 37. Qc2 h5 38. h4 Qa7 39. b4 Qd4 40. Rxa2 Re8 41. Qd2 Qxh4 42. Rb2 Ra8 43. Rb1 Qe4 44. Qe1 Qxe1+ 45. Rxe1 Rb8 46. Rb1 Kf8 47. Kh2 Ke7 48. Kg3 Kd6 49. Kf4 Rb5 50. g3 Kd5 51. g4 h4 52. g5 Kc4 53. Kg4 Rxb4 54. Rxb4+ Kxb4 55. Kxh4 Kc4 56. Kg4 Kd3 57. f4 Ke4 58. Kg3 Ke3 59. Kg4 Kf2 60. f5 Ke3 61. fxg6 fxg6 62. Kg3 Ke4 63. Kg4 Ke5 64. Kg3 Kf5 65. Kh4 Kf4 66. Kh3 Kxg5 67. Kg3 1/2-1/2

[Event "World Prestigious University 2019"]
[Site "Tianjin"]
[Date "2019.11.28"]
[Round "7.13"]
[White "Green, Michael L"]
[Black "Li, Ethan"]
[Result "0-1"]
[WhiteElo "2073"]
[BlackElo "2209"]
[PlyCount "96"]
[EventDate "2019.11.26"]
[EventType "team-tourn"]
[EventCountry "CHN"]
[TimeControl "1500+10"]
[WhiteClock "0:02:34"]
[BlackClock "0:00:17"]

1. Nf3 d5 2. c4 c6 3. b3 Nf6 4. g3 Bg4 5. Bg2 Nbd7 6. Bb2 e6 7. O-O Bd6 8. d3 O-O 9. Nbd2 Qc7 10. Rc1 Rad8 11. Rc2 a5 12. a3 Qb8 13. Qa1 Rfe8 14. Rfc1 e5 15. cxd5 cxd5 16. e4 dxe4 17. Nxe4 Nxe4 18. dxe4 Be6 19. b4 axb4 20. axb4 Bxb4 21. Nxe5 f6 22. Nd3 Bd6 23. Bd4 Rc8 24. Nc5 Bxc5 25. Bxc5 Qc7 26. Qa3 b6 27. Bxb6 Qxc2 28. Rxc2 Rxc2 29. Be3 Ra2 30. Qc3 Ne5 31. Bd4 Rc8 32. Qe3 Rac2 33. h4 Nc4 34. Qf4 Rd8 35. e5 Rd2 36. Bc3 R2d3 37. exf6 Rxc3 38. Qc7 Rd1+ 39. Kh2 gxf6 40. Qe7 Bf7 41. Be4 Kg7 42. Bxh7 Ne5 43. Be4 Re1 44. Qb7 Rb3 45. Qa8 Rb2 46. Kg2 Ree2 47. Qa3 Rxf2+ 48. Kh1 Rf1# 0-1

[Event "World Prestigious University 2019"]
[Site "Tianjin"]
[Date "2019.11.28"]
[Round "7.16"]
[White "Wang, Yue"]
[Black "Bibby, Simon"]
[Result "1-0"]
[WhiteElo "2674"]
[BlackElo "2167"]
[PlyCount "129"]
[EventDate "2019.11.26"]
[EventType "team-tourn"]
[EventCountry "CHN"]
[TimeControl "1500+10"]
[WhiteClock "0:04:32"]
[BlackClock "0:01:45"]

1. d4 d6 2. Nf3 Nf6 3. c4 g6 4. Nc3 Bg7 5. e4 O-O 6. h3 e5 7. d5 Nh5 8. g3 f5 9. exf5 gxf5 10. Ng5 Qe8 11. Be2 Nf6 12. Be3 Na6 13. Qd2 Nc5 14. O-O-O h6 15. Nf3 Nfe4 16. Nxe4 Nxe4 17. Qc2 c6 18. g4 cxd5 19. Rxd5 Be6 20. Ra5 b6 21. Ra3 Rc8 22. gxf5 Bxf5 23. Bd3 d5 24. Rg1 a5 25. Bxh6 Rf7 26. Qe2 Qe6 27. Bxg7 Rxg7 28. Rxg7+ Kxg7 29. Nd2 Qh6 30. Bxe4 Rxc4+ 31. Qxc4 dxc4 32. Bxf5 b5 33. Rg3+ Kf7 34. Be4 Ke7 35. Kc2 Qb6 36. Re3 Qd4 37. Bf3 Kd6 38. Be2 a4 39. a3 Kc7 40. Nf3 Qd7 41. Rxe5 Qh7+ 42. Kc1 Qh6+ 43. Ng5 Qf6 44. Ne6+ Kd6 45. f4 Qh4 46. Kd2 Qxh3 47. Nd4 Qh2 48. Nxb5+ Kc6 49. Nd4+ Kd6 50. Nf5+ Kc6 51. Re4 Qf2 52. Rxc4+ Kd5 53. Ne3+ Ke6 54. Rxa4 Qg1 55. f5+ Ke5 56. Ra5+ Kf4 57. Ra4+ Ke5 58. Rg4 Qa1 59. Nd1 Kxf5 60. Kc2 Ke5 61. Bc4 Kd6 62. Rg1 Kc5 63. Bb3 Kb6 64. Rf1 Kc5 65. Ne3 1-0

[Event "World Prestigious University 2019"]
[Site "Tianjin"]
[Date "2019.11.28"]
[Round "7.17"]
[White "Hirao, Satoshi"]
[Black "Li, Yankai"]
[Result "0-1"]
[WhiteElo "1958"]
[BlackElo "2432"]
[PlyCount "92"]
[EventDate "2019.11.26"]
[EventType "team-tourn"]
[EventCountry "CHN"]
[TimeControl "1500+10"]
[WhiteClock "0:06:32"]
[BlackClock "0:00:43"]

1. e4 c5 2. Nf3 d6 3. d4 cxd4 4. Nxd4 Nf6 5. Nc3 a6 6. Bg5 e6 7. f4 h6 8. Bh4 Qb6 9. a3 Be7 10. Bf2 Qc7 11. Qf3 Nbd7 12. O-O-O b5 13. g4 g5 14. Qh3 h5 15. fxg5 Nxg4 16. g6 Nde5 17. gxf7+ Nxf7 18. Bh4 Bxh4 19. Qxh4 Qe7 20. Qxe7+ Kxe7 21. Rd2 Bd7 22. Nd1 Rab8 23. h3 Nge5 24. Ne3 a5 25. Be2 b4 26. axb4 axb4 27. Nb3 Ng5 28. Rd4 Nc6 29. Rc4 Nf7 30. Nd4 Nfe5 31. Nxc6+ Bxc6 32. Rd4 b3 33. Rg1 bxc2 34. Kxc2 Rhg8 35. Rxg8 Rxg8 36. Bxh5 Rg3 37. Ng4 Nf3 38. Rc4 Rxh3 39. Rxc6 Nd4+ 40. Kd2 Nxc6 41. Bg6 Rg3 42. Bh5 Nb4 43. Nf2 Kf6 44. Bd1 Ke5 45. Ba4 Kd4 46. Bd7 Rg2 0-1

[Event "World Prestigious University 2019"]
[Site "Tianjin"]
[Date "2019.11.28"]
[Round "7.18"]
[White "Xiao, Yiyi"]
[Black "Balashov, Yuri S"]
[Result "1-0"]
[WhiteElo "2306"]
[BlackElo "2465"]
[PlyCount "75"]
[EventDate "2019.11.26"]
[EventType "team-tourn"]
[EventCountry "CHN"]
[TimeControl "1500+10"]
[WhiteClock "0:06:26"]
[BlackClock "0:07:05"]

1. d4 d5 2. c4 e6 3. Nf3 Nf6 4. g3 Be7 5. Bg2 Nbd7 6. O-O O-O 7. Qc2 c6 8. Nbd2 b6 9. e4 h6 10. e5 Nh7 11. h4 Ba6 12. Re1 Rc8 13. cxd5 cxd5 14. Qa4 Bc4 15. Nf1 a5 16. Qd1 Re8 17. Ne3 Ba6 18. Bd2 f6 19. exf6 Nhxf6 20. Ne5 Nxe5 21. dxe5 Nd7 22. Qh5 Rf8 23. Qg6 Rc6 24. Nxd5 Qe8 25. Qxe8 Rxe8 26. Nxe7+ Rxe7 27. Bxc6 Nf8 28. Rad1 Kh7 29. Be3 b5 30. Be4+ g6 31. Bc5 Rf7 32. h5 b4 33. Rd8 Nd7 34. hxg6+ Kg7 35. gxf7 Kxf7 36. Rxd7+ Ke8 37. Red1 Bb5 38. Bg6# 1-0

[Event "World Prestigious University 2019"]
[Site "Tianjin"]
[Date "2019.11.28"]
[Round "8.1"]
[White "TannerAustin, McNamara"]
[Black "Bibby, Simon"]
[Result "0-1"]
[WhiteElo "1983"]
[BlackElo "2167"]
[PlyCount "78"]
[EventDate "2019.11.26"]
[EventType "team-tourn"]
[EventCountry "CHN"]
[TimeControl "1500+10"]
[WhiteClock "0:02:28"]
[BlackClock "0:00:12"]

1. d4 d6 2. Nf3 g6 3. c4 Bg7 4. Nc3 e5 5. d5 f5 6. e4 Nf6 7. Bd3 O-O 8. O-O Na6 9. Nd2 f4 10. Rb1 g5 11. b4 g4 12. c5 Ne8 13. Bxa6 bxa6 14. Nc4 Rf6 15. Rb3 Bf8 16. cxd6 Bxd6 17. Nxd6 Nxd6 18. g3 Rh6 19. h4 gxh3 20. Kh2 Rg6 21. Qh5 Nf7 22. Qe2 Bg4 23. Qc4 Bf3 24. Rg1 Bg2 25. gxf4 Qh4 26. f5 Qxf2 27. fxg6 Bf1+ 28. Kh1 Bxc4 29. gxf7+ Kxf7 30. Nd1 Qe2 31. Re3 Qh5 32. Reg3 Rf8 33. Ne3 Bd3 34. Ng4 Ke7 35. Rxd3 h2 36. Re1 Qxg4 37. b5 Rg8 38. Ba3+ Kd7 39. Rd2 Qg1+ 0-1

[Event "World Prestigious University 2019"]
[Site "Tianjin"]
[Date "2019.11.28"]
[Round "8.2"]
[White "Hirao, Satoshi"]
[Black "Lei, Sean"]
[Result "1-0"]
[WhiteElo "1958"]
[BlackElo "1895"]
[PlyCount "71"]
[EventDate "2019.11.26"]
[EventType "team-tourn"]
[EventCountry "CHN"]
[TimeControl "1500+10"]
[WhiteClock "0:01:21"]
[BlackClock "0:00:13"]

1. e4 d6 2. d4 Nf6 3. Nc3 Nbd7 4. Nf3 e5 5. Bc4 Be7 6. O-O O-O 7. Re1 c6 8. a4 b6 9. Ba2 a6 10. Bg5 Rb8 11. Nh4 h6 12. Be3 exd4 13. Bxd4 Nc5 14. Ng6 Re8 15. e5 Ng4 16. Nxe7+ Rxe7 17. e6 f5 18. h3 Nf6 19. Bxf6 gxf6 20. Qh5 d5 21. Qg6+ Rg7 22. Qxf5 Rg5 23. Qf4 Rb7 24. b4 Nxe6 25. Qd2 Rbg7 26. g3 Qf8 27. h4 Rg4 28. Nxd5 cxd5 29. Bxd5 Re7 30. Qe2 Rd4 31. Rad1 Rxd1 32. Qxd1 Kh8 33. Qe2 Qd8 34. c4 Re8 35. Qh5 Kg7 36. Re4 1-0

[Event "World Prestigious University 2019"]
[Site "Tianjin"]
[Date "2019.11.28"]
[Round "8.3"]
[White "Zhou, Qiyu"]
[Black "Balashov, Yuri S"]
[Result "1-0"]
[WhiteElo "2216"]
[BlackElo "2465"]
[PlyCount "43"]
[EventDate "2019.11.26"]
[EventType "team-tourn"]
[EventCountry "CHN"]
[TimeControl "1500+10"]
[WhiteClock "0:14:22"]
[BlackClock "0:21:49"]

1. e4 c5 2. Nf3 e6 3. d4 cxd4 4. Nxd4 a6 5. Nc3 Qc7 6. a3 b5 7. Be3 Nf6 8. f3 Bb7 9. Qd2 d6 10. g4 Be7 11. O-O-O Nbd7 12. g5 Nh5 13. f4 g6 14. Be2 Ng7 15. h4 O-O-O 16. Ncxb5 axb5 17. Nxb5 Qb8 18. Na7+ Kc7 19. Qa5+ Nb6 20. Bxb6+ Kd7 21. Bb5+ Bc6 22. Bxc6# 1-0

[Event "World Prestigious University 2019"]
[Site "Tianjin"]
[Date "2019.11.28"]
[Round "8.4"]
[White "Li, Ethan"]
[Black "Wang, Yue"]
[Result "0-1"]
[WhiteElo "2209"]
[BlackElo "2674"]
[PlyCount "90"]
[EventDate "2019.11.26"]
[EventType "team-tourn"]
[EventCountry "CHN"]
[TimeControl "1500+10"]
[WhiteClock "0:04:33"]
[BlackClock "0:00:23"]

1. d4 Nf6 2. c4 e6 3. Nf3 Bb4+ 4. Bd2 Qe7 5. g3 Nc6 6. Nc3 O-O 7. Bg2 Bxc3 8. Bxc3 Ne4 9. Rc1 d6 10. d5 Nb8 11. Bd4 e5 12. Be3 a5 13. Nd2 Nxd2 14. Qxd2 Nd7 15. b3 Nc5 16. Qc2 f5 17. a3 f4 18. Bxc5 dxc5 19. Be4 h6 20. Rb1 Ra6 21. f3 Bd7 22. g4 a4 23. b4 cxb4 24. axb4 a3 25. c5 Qh4+ 26. Kd2 Bb5 27. Bd3 Bxd3 28. Qxd3 a2 29. Ra1 Rfa8 30. Qc4 Kh8 31. h3 Ra3 32. Rhc1 e4 33. Qxe4 Qf6 34. Qc4 Qe5 35. Qe4 Qb2+ 36. Ke1 Re3 37. Qc2 Qxb4+ 38. Kf1 Rea3 39. Rd1 Rc3 40. Qd2 Qc4 41. Kg2 Rc2 42. Qd3 Qxc5 43. Rd2 Rxd2 44. Qxd2 Qc4 45. Kf1 b5 0-1

[Event "World Prestigious University 2019"]
[Site "Tianjin"]
[Date "2019.11.28"]
[Round "8.7"]
[White "Daniel, Karim Abbas"]
[Black "Green, Michael L"]
[Result "1-0"]
[WhiteElo "2251"]
[BlackElo "2073"]
[PlyCount "107"]
[EventDate "2019.11.26"]
[EventType "team-tourn"]
[EventCountry "CHN"]
[TimeControl "1500+10"]
[WhiteClock "0:00:27"]
[BlackClock "0:07:20"]

1. e4 c5 2. Nf3 Nc6 3. Bb5 Nf6 4. Nc3 Qc7 5. Bxc6 dxc6 6. d3 e5 7. h3 h6 8. Be3 Be6 9. Nd2 Be7 10. a3 Nd7 11. Qb1 Bg5 12. b4 Bxe3 13. fxe3 O-O 14. bxc5 Qa5 15. Qb4 Qxc5 16. Ke2 Rfd8 17. Nf3 Qxb4 18. axb4 f6 19. Ra5 b6 20. Ra3 Nf8 21. Rha1 Rd7 22. Ra6 c5 23. bxc5 bxc5 24. R1a5 Rc7 25. Nb5 Rb7 26. c4 Bd7 27. Rxa7 Rbxa7 28. Rxa7 Rxa7 29. Nxa7 Ne6 30. Nb5 g5 31. Nd2 Kf8 32. Nc3 Kf7 33. Nb3 Kg6 34. Nd5 h5 35. Na5 g4 36. hxg4 hxg4 37. Nb6 Be8 38. Nb7 Kg5 39. Nd6 Bh5 40. g3 Kh6 41. Nd7 Kg7 42. Nb7 Be8 43. Ndxc5 Ng5 44. Nd6 Bc6 45. d4 exd4 46. exd4 Nf3 47. d5 Ba8 48. Ne6+ Kg6 49. Nc7 Bxd5 50. exd5 Nd4+ 51. Ke3 Nb3 52. Ne6 f5 53. c5 f4+ 54. Kxf4 1-0

[Event "World Prestigious University 2019"]
[Site "Tianjin"]
[Date "2019.11.28"]
[Round "8.8"]
[White "Zhong, Wei"]
[Black "Mihov, Filip"]
[Result "1-0"]
[WhiteElo "1804"]
[BlackElo "2191"]
[PlyCount "87"]
[EventDate "2019.11.26"]
[EventType "team-tourn"]
[EventCountry "CHN"]
[TimeControl "1500+10"]
[WhiteClock "0:00:11"]
[BlackClock "0:00:32"]

1. e4 e6 2. d4 d5 3. exd5 exd5 4. Bd3 Nc6 5. c3 Bd6 6. Nf3 Nge7 7. Bg5 f6 8. Bh4 Bf5 9. O-O Qd7 10. Bg3 O-O-O 11. Bxd6 Qxd6 12. b4 g5 13. Bxf5+ Nxf5 14. a4 h5 15. a5 Rdg8 16. Qd3 Nce7 17. Na3 g4 18. Nd2 Qd7 19. Nb3 Nd6 20. Nc5 Qf5 21. Qxf5+ Nexf5 22. Rfe1 Re8 23. a6 b6 24. Nd3 Ne4 25. Nb5 Kb8 26. Rac1 c6 27. Na3 h4 28. f3 gxf3 29. gxf3 Reg8+ 30. Kf1 Ng5 31. Re2 Rh7 32. Kf2 Nh3+ 33. Ke1 Ng1 34. Rf2 h3 35. Nf4 Nh4 36. b5 Nhxf3+ 37. Kf1 Rg4 38. Nd3 cxb5 39. Nxb5 Re7 40. c4 dxc4 41. Rxc4 Rge4 42. Rfc2 Re8 43. Nd6 Rxd4 44. Rc8+ 1-0

[Event "World Prestigious University 2019"]
[Site "Tianjin"]
[Date "2019.11.28"]
[Round "8.10"]
[White "Grigory, Oparin"]
[Black "Kukhmazov, Arsen"]
[Result "1-0"]
[WhiteElo "2660"]
[BlackElo "2377"]
[PlyCount "55"]
[EventDate "2019.11.26"]
[EventType "team-tourn"]
[EventCountry "CHN"]
[TimeControl "1500+10"]
[WhiteClock "0:11:21"]
[BlackClock "0:05:59"]

1. e3 d5 2. Nf3 Nf6 3. c4 c6 4. Qc2 g6 5. d4 Bg7 6. h3 Bf5 7. Bd3 Bxd3 8. Qxd3 Ne4 9. Nc3 Nxc3 10. bxc3 Nd7 11. Rb1 Qc7 12. cxd5 cxd5 13. Qb5 Qxc3+ 14. Bd2 Qc6 15. Qxb7 Qxb7 16. Rxb7 Rb8 17. Rxa7 Rb1+ 18. Ke2 Rxh1 19. Ra8+ Nb8 20. Rxb8+ Kd7 21. Rb7+ Ke6 22. Ng5+ Kf6 23. e4 Bf8 24. exd5 h6 25. Bf4 hxg5 26. Be5+ Kf5 27. Bxh8 Ra1 28. Kf3 1-0

[Event "World Prestigious University 2019"]
[Site "Tianjin"]
[Date "2019.11.28"]
[Round "8.11"]
[White "Tarasov, Alexandr"]
[Black "Dmitry, Gordievskiy"]
[Result "0-1"]
[WhiteElo "2348"]
[BlackElo "2590"]
[PlyCount "72"]
[EventDate "2019.11.26"]
[EventType "team-tourn"]
[EventCountry "CHN"]
[TimeControl "1500+10"]
[WhiteClock "0:00:42"]
[BlackClock "0:00:27"]

1. e4 c5 2. Nf3 Nc6 3. b3 Nf6 4. e5 Nd5 5. Bb2 e6 6. c4 Nde7 7. g3 d5 8. exd6 Nf5 9. Bg2 Bxd6 10. O-O O-O 11. Na3 e5 12. Nb5 f6 13. d3 Be7 14. a3 Be6 15. Nc3 Re8 16. Nd5 Bf8 17. Nd2 Nfe7 18. Qf3 Bf7 19. Ne4 Nxd5 20. cxd5 Nd4 21. Bxd4 cxd4 22. g4 Bd6 23. h4 Kh8 24. g5 Rg8 25. Rfc1 Qe7 26. gxf6 gxf6 27. Qxf6+ Qxf6 28. Nxf6 Rg6 29. Ne4 Rag8 30. Ng5 Be8 31. Be4 h6 32. Bxg6 Bxg6 33. Ne6 Bxd3+ 34. Kh2 e4+ 35. Kh3 e3 36. Nxd4 exf2 0-1

[Event "World Prestigious University 2019"]
[Site "Tianjin"]
[Date "2019.11.28"]
[Round "8.12"]
[White "Wang, Nancy"]
[Black "Bogachkova, Alena"]
[Result "0-1"]
[WhiteElo "1823"]
[BlackElo "2080"]
[PlyCount "60"]
[EventDate "2019.11.26"]
[EventType "team-tourn"]
[EventCountry "CHN"]
[TimeControl "1500+10"]
[WhiteClock "0:04:55"]
[BlackClock "0:00:31"]

1. e4 c5 2. Nc3 g6 3. g3 Bg7 4. Bg2 Nc6 5. d3 d6 6. Be3 e6 7. Qd2 Rb8 8. Nge2 Nd4 9. O-O Ne7 10. Nd1 b5 11. c3 Nxe2+ 12. Qxe2 b4 13. f4 bxc3 14. bxc3 Qa5 15. Qc2 Bd7 16. d4 cxd4 17. cxd4 O-O 18. Qc3 Qa6 19. Rf2 Rfc8 20. Qd2 Qa3 21. Bf1 Bb5 22. e5 Nd5 23. Bxb5 Rxb5 24. Re2 Bf8 25. Bf2 dxe5 26. dxe5 Bb4 27. Qb2 Qf3 28. Bxa7 Bc5+ 29. Bxc5 Rxb2 30. Rxb2 Rxc5 0-1

[Event "World Prestigious University 2019"]
[Site "Tianjin"]
[Date "2019.11.28"]
[Round "8.13"]
[White "Fernandez, Daniel Howard"]
[Black "Weichao, Chu"]
[Result "0-1"]
[WhiteElo "2444"]
[BlackElo "2423"]
[PlyCount "64"]
[EventDate "2019.11.26"]
[EventType "team-tourn"]
[EventCountry "CHN"]
[TimeControl "1500+10"]
[WhiteClock "0:04:11"]
[BlackClock "0:00:29"]

1. Nf3 c5 2. g3 Nc6 3. Bg2 g6 4. O-O Bg7 5. e4 d6 6. c3 e5 7. d3 Nge7 8. Nbd2 O-O 9. Nc4 b5 10. Ne3 Rb8 11. Bd2 a5 12. a4 b4 13. Nh4 Ba6 14. Qc2 Rc8 15. f4 exf4 16. gxf4 d5 17. exd5 Nxd5 18. Nxd5 Qxh4 19. Rae1 Rfe8 20. f5 Be5 21. Bf4 Bd4+ 22. Be3 Bxe3+ 23. Nxe3 Ne5 24. Be4 Rcd8 25. fxg6 hxg6 26. Nd5 Bxd3 27. Bxd3 Nf3+ 28. Rxf3 Rxe1+ 29. Bf1 Rxd5 30. Qb3 Rg5+ 31. Kh1 Rxf1+ 32. Rxf1 Qe4+ 0-1

[Event "World Prestigious University 2019"]
[Site "Tianjin"]
[Date "2019.11.28"]
[Round "8.14"]
[White "Wei, Siyu"]
[Black "Behar, Joshua"]
[Result "1-0"]
[WhiteElo "2106"]
[BlackElo "1974"]
[PlyCount "79"]
[EventDate "2019.11.26"]
[EventType "team-tourn"]
[EventCountry "CHN"]
[TimeControl "1500+10"]
[WhiteClock "0:02:11"]
[BlackClock "0:05:00"]

1. d4 Nf6 2. Bg5 e6 3. e4 d5 4. e5 h6 5. Bh4 g5 6. Bg3 Nfd7 7. h4 c5 8. c3 Nc6 9. hxg5 Qxg5 10. Nf3 Qd8 11. a3 c4 12. Nbd2 b5 13. Be2 Bb7 14. Nh4 Nb6 15. Bh5 Qd7 16. Qf3 Rh7 17. Nf1 O-O-O 18. Ne3 Na4 19. Ng4 Qc7 20. Nf6 Rh8 21. Rb1 a5 22. O-O Kb8 23. Qe3 Ka8 24. Nf3 Ne7 25. Qd2 Nf5 26. Bf4 Nb6 27. Bg4 Ne7 28. Qc2 Ng8 29. Bg3 Nxf6 30. exf6 Bd6 31. Bxd6 Qxd6 32. Ne5 Rdf8 33. Bh5 Qc7 34. b3 cxb3 35. Rxb3 Ba6 36. Rfb1 Nd7 37. Nxd7 Qxd7 38. Be2 a4 39. Rxb5 Ka7 40. Ra5 1-0

[Event "World Prestigious University 2019"]
[Site "Tianjin"]
[Date "2019.11.28"]
[Round "8.16"]
[White "Theodorou, Nikolas"]
[Black "Isakov, Michael"]
[Result "1-0"]
[WhiteElo "2555"]
[BlackElo "2162"]
[PlyCount "65"]
[EventDate "2019.11.26"]
[EventType "team-tourn"]
[EventCountry "CHN"]
[TimeControl "1500+10"]
[WhiteClock "0:03:43"]
[BlackClock "0:09:00"]

1. d4 d5 2. c4 e6 3. Nf3 Nf6 4. g3 Be7 5. Bg2 O-O 6. O-O Nbd7 7. Qc2 c6 8. Nbd2 b6 9. e4 dxc4 10. Nxc4 Ba6 11. Rd1 c5 12. d5 exd5 13. exd5 Bxc4 14. Qxc4 Bd6 15. Bd2 Re8 16. Re1 Qc7 17. Bc3 Rxe1+ 18. Rxe1 Re8 19. Rxe8+ Nxe8 20. Bh3 Nef6 21. Bxd7 Nxd7 22. Qg4 g6 23. Qh4 Ne5 24. Ng5 h5 25. Qf4 Ng4 26. Qf3 Qe7 27. Ne4 b5 28. h3 Ne5 29. Qf6 Qxf6 30. Nxf6+ Kh8 31. Ne8 b4 32. Bxe5+ Bxe5 33. d6 1-0

[Event "World Prestigious University 2019"]
[Site "Tianjin"]
[Date "2019.11.28"]
[Round "8.17"]
[White "Lu, Andrew H"]
[Black "Chandra, Akshat"]
[Result "0-1"]
[WhiteElo "2071"]
[BlackElo "2524"]
[PlyCount "167"]
[EventDate "2019.11.26"]
[EventType "team-tourn"]
[EventCountry "CHN"]
[TimeControl "1500+10"]
[WhiteClock "0:00:29"]
[BlackClock "0:00:20"]

1. d4 Nf6 2. Nf3 d5 3. c4 e6 4. Nc3 a6 5. e3 dxc4 6. Bxc4 b5 7. Bb3 Bb7 8. O-O Nbd7 9. Qe2 c5 10. Rd1 Qb8 11. e4 cxd4 12. Nxd4 Bd6 13. h3 O-O 14. a3 Rd8 15. Bg5 h6 16. Nxe6 fxe6 17. Bxf6 Nxf6 18. e5 Bxe5 19. Rxd8+ Qxd8 20. Qxe5 Qd2 21. Rd1 Qxb2 22. Bxe6+ Kh8 23. Qc7 Re8 24. Rd8 Qc1+ 25. Kh2 Qg5 26. Rxe8+ Nxe8 27. Qxb7 Qe5+ 28. g3 Qxe6 29. Ne4 Nf6 30. Nxf6 Qxf6 31. Kg2 Qe6 32. h4 h5 33. Qf3 g6 34. Qc3+ Kg8 35. Qc5 Qd7 36. Kh2 Qf5 37. Qb6 a5 38. Qd8+ Qf8 39. Qd5+ Kg7 40. Qd7+ Qf7 41. Qd4+ Kh7 42. Kg1 Qb7 43. g4 hxg4 44. Qxg4 Qd5 45. Qf4 Qd1+ 46. Kh2 Qd7 47. Kg1 Qe7 48. h5 gxh5 49. Qf5+ Kh6 50. Kf1 b4 51. axb4 axb4 52. Qf4+ Kg6 53. Qg3+ Kh7 54. Qd3+ Kh8 55. Qd4+ Kg8 56. Qd5+ Qf7 57. Qg5+ Kh7 58. Qe5 b3 59. Qe4+ Kg8 60. Qg2+ Kh8 61. Qa8+ Kg7 62. Qg2+ Kh6 63. Qc6+ Qg6 64. Qb5 Qb1+ 65. Kg2 b2 66. Kh2 Qc2 67. Qb6+ Kg5 68. Qe3+ Kf5 69. Qf3+ Ke6 70. Qe3+ Kd5 71. Qf3+ Kc4 72. Qc6+ Kb3 73. Qb5+ Ka3 74. Qa5+ Qa4 75. Qc3+ Ka2 76. Qd2 Qh4+ 77. Kg1 Qg4+ 78. Kh2 Qe4 79. Qa5+ Kb3 80. Qb5+ Kc2 81. Qc5+ Kd1 82. Qd6+ Ke1 83. Qg3 b1=Q 84. f3+ 0-1

[Event "World Prestigious University 2019"]
[Site "Tianjin"]
[Date "2019.11.28"]
[Round "8.18"]
[White "Derakhshani, Dorsa"]
[Black "Papanek, Ella"]
[Result "1-0"]
[WhiteElo "2277"]
[BlackElo "1777"]
[PlyCount "41"]
[EventDate "2019.11.26"]
[EventType "team-tourn"]
[EventCountry "CHN"]
[TimeControl "1500+10"]
[WhiteClock "0:03:46"]
[BlackClock "0:10:33"]

1. e4 c5 2. Nf3 e6 3. d4 cxd4 4. Nxd4 a6 5. Nc3 Qc7 6. Be2 Bb4 7. O-O Nf6 8. Be3 Bxc3 9. bxc3 Nxe4 10. Bd3 Nf6 11. Re1 Nc6 12. Nf5 O-O 13. Nd6 Ne7 14. Bf4 Ned5 15. Be5 Qc6 16. c4 Nb4 17. Bxf6 Nxd3 18. Qg4 g6 19. Qg5 Nxe1 20. Rxe1 e5 21. Qh6 1-0

[Event "World Prestigious University 2019"]
[Site "Tianjin"]
[Date "2019.11.28"]
[Round "9.1"]
[White "Isakov, Michael"]
[Black "TannerAustin, McNamara"]
[Result "1-0"]
[WhiteElo "2162"]
[BlackElo "1983"]
[PlyCount "107"]
[EventDate "2019.11.26"]
[EventType "team-tourn"]
[EventCountry "CHN"]
[TimeControl "1500+10"]
[WhiteClock "0:01:07"]
[BlackClock "0:03:08"]

1. d4 d5 2. Nf3 Nf6 3. c4 c6 4. Nc3 dxc4 5. a4 Bf5 6. e3 e6 7. Bxc4 Bb4 8. O-O O-O 9. Nh4 Bg6 10. Nxg6 hxg6 11. Ne2 Nbd7 12. b3 c5 13. Bb2 cxd4 14. Nxd4 Nb6 15. Rc1 Nxc4 16. Rxc4 a5 17. Qf3 Qd5 18. Rfc1 Qxf3 19. Nxf3 Nd5 20. Kf1 Rfd8 21. g3 Bf8 22. Ke2 Nb4 23. Bc3 Na2 24. Rc2 Nxc3+ 25. R4xc3 b5 26. Nd4 bxa4 27. bxa4 Bb4 28. Rc4 Rd7 29. Nc6 Rb7 30. Rb2 Kh7 31. Rh4+ Kg8 32. Rc4 Kh7 33. Kd3 Rd7+ 34. Ke4 Ra6 35. Nxb4 axb4 36. Rbxb4 g5 37. Rb5 Kg6 38. a5 Rd5 39. Rcc5 f5+ 40. Kf3 Rxc5 41. Rxc5 Kf6 42. e4 g6 43. Ke3 Ke7 44. e5 Kd7 45. Kd4 g4 46. Kc4 Ra8 47. Kd3 Ra6 48. Ke3 g5 49. f3 gxf3 50. Kxf3 Rc6 51. Rxc6 Kxc6 52. h4 gxh4 53. gxh4 Kb5 54. h5 1-0

[Event "World Prestigious University 2019"]
[Site "Tianjin"]
[Date "2019.11.28"]
[Round "9.2"]
[White "Lei, Sean"]
[Black "Lu, Andrew H"]
[Result "1/2-1/2"]
[WhiteElo "1895"]
[BlackElo "2071"]
[PlyCount "68"]
[EventDate "2019.11.26"]
[EventType "team-tourn"]
[EventCountry "CHN"]
[TimeControl "1500+10"]
[WhiteClock "0:00:43"]
[BlackClock "0:00:48"]

1. d4 Nf6 2. Nf3 e6 3. Nbd2 d5 4. e3 Bd6 5. Bd3 O-O 6. b3 b6 7. Bb2 Ba6 8. O-O Bxd3 9. cxd3 c5 10. e4 Be7 11. dxc5 bxc5 12. Rc1 Nbd7 13. exd5 Nxd5 14. Nc4 Rc8 15. d4 Bf6 16. Nce5 Bxe5 17. Nxe5 Nxe5 18. dxe5 Qa5 19. a4 Rfd8 20. Ba3 c4 21. bxc4 Ne3 22. Qe1 Qxe1 23. Rfxe1 Nxc4 24. Be7 Rd7 25. Bd6 f6 26. f4 Kf7 27. Bb4 Rdc7 28. exf6 gxf6 29. Re4 a5 30. Be1 Rc6 31. Re2 h5 32. g3 Nb6 33. Rxc6 Rxc6 34. Bxa5 Nxa4 1/2-1/2